 Dungeon Crawl Stone Soup version 0.21.1-1-g345015f (webtiles) character file.

273 sking99 the Insei (level 6, -2/47 HPs)
             Began as a Draconian Transmuter on June 24, 2018.
             Was an Initiate of Elyvilon.
             Slain by snakesoul's ghost (7 damage)
             ... on level 5 of the Dungeon.
             The game lasted 00:09:59 (3481 turns).

sking99 the Insei (Draconian Transmuter)            Turns: 3481, Time: 00:10:00

Health: -2/47      AC:  6    Str: 12    XL:     6   Next: 2%
Magic:  2/9        EV: 12    Int: 15    God:    Elyvilon [......]
Gold:   114        SH:  0    Dex: 12    Spells: 6/9 levels left

rFire    . . .     SeeInvis .     - Unarmed
rCold    . . .     Gourm    .   (no shield)
rNeg     . . .     Faith    .   (armour unavailable)
rPois    .         Spirit   .   (helmet restricted)
rElec    .         Reflect  .   (no cloak)
rCorr    .         Harm     .   (no gloves)
MR       .....                  (no boots)
Stlth    +.........             (no amulet)
HPRegen  0.15/turn              (no ring)
MPRegen  0.11/turn              (no ring)

@: about to teleport, flying
A: unfitting armour, cold-blooded, AC +6
a: Renounce Religion


You were on level 5 of the Dungeon.
You worshipped Elyvilon.
Elyvilon was noncommittal.
You were not hungry.

You visited 1 branch of the dungeon, and saw 5 of its levels.

You collected 114 gold pieces.

Inventory:

Missiles
 a - 53 arrows (quivered)
Armour
 l - a +0 pair of boots
Jewellery
 q - an uncursed ring of stealth {unknown}
Wands
 m - a wand of enslavement (19)
 n - a wand of clouds (3)
Scrolls
 d - 2 scrolls of teleportation
 i - 4 scrolls of identify {unknown}
 o - a scroll of amnesia {unknown}
 r - 2 scrolls of enchant armour {unknown}
Potions
 e - a potion of might {unknown}
 f - a potion of haste {unknown}
 g - a potion of mutation {unknown}
 h - a potion of degeneration {unknown}
 j - a potion of ambrosia {unknown}
 k - 2 potions of flight
 p - 2 potions of curing {unknown}
Books
 b - a book of Changes

   Spells                             Type                      Level
   a - Beastly Appendage              Transmutation                1
   b - Sticks to Snakes               Transmutation                2
   c - Spider Form                    Transmutation/Poison         3
   d - Ice Form                       Ice/Transmutation            4
   e - Blade Hands                    Transmutation                5
Comestibles
 c - 8 rations


   Skills:
 - Level 1.1 Fighting
 - Level 1.7 Dodging
 - Level 6.6 Unarmed Combat
 + Level 2.1 Spellcasting
 * Level 2.3 Transmutations


You had 6 spell levels left.
You knew the following spells:

 Your Spells              Type           Power        Failure   Level  Hunger
a - Beastly Appendage     Tmut           #.....       9%          1    #......
b - Sticks to Snakes      Tmut           #.......     13%         2    ###....


Dungeon Overview and Level Annotations

Branches:
Dungeon (4/15)
 Temple: D:4-7

Altars:
Elyvilon
Trog
Uskayaw
Xom
The Shining One

Shops:
D:5 }

Annotations:
D:5 snakesoul's ghost, novice DsFi


Innate Abilities, Weirdness & Mutations

Your plain brown scales are hard. (AC +6)
You cannot fit into any form of body armour.
You are cold-blooded and may be slowed by cold attacks.


Message History

Your ball python barely misses snakesoul's ghost.
As you read the scroll of teleportation, it crumbles to dust.
You feel strangely unstable.
Snakesoul's ghost hits you but does no damage.
Your ball python closely misses snakesoul's ghost.
Unknown command.
You completely miss snakesoul's ghost.
Snakesoul's ghost is moderately damaged.
Snakesoul's ghost barely misses you.
Your ball python barely misses snakesoul's ghost.
You hit snakesoul's ghost.
Snakesoul's ghost is moderately damaged.
Your ball python bites snakesoul's ghost.
Snakesoul's ghost hits you!
* * * LOW HITPOINT WARNING * * *
You barely miss snakesoul's ghost.
Snakesoul's ghost is moderately damaged.
Your ball python barely misses snakesoul's ghost.
Snakesoul's ghost hits you!
You die...

#....##.......#
+.....'.......#
#∩....#.......#
#.....#.......#
#.....#.......#
#.S...#.......#
#+##..####+##....#
##.##..# ######
#.@WS..# #......#
#......# ##.#####
#.# ... .... .....


You could see snakesoul's ghost and a friendly ball python.

Vanquished Creatures
  Crazy Yiuf (D:3)
  3 gnolls (D:3)
  An adder (D:3)
  An ooze (D:1)
  3 worms (D:2)
  2 dart slugs
  A leopard gecko (D:1)
  7 bats
  4 giant cockroaches
  11 hobgoblins
  8 jackals (D:1)
  6 frilled lizards
  8 goblins
  7 kobolds
  2 rats
65 creatures vanquished.

Vanquished Creatures (collateral kills)
  Grinder (D:3)
  A giant cockroach (D:1)
  A hobgoblin (D:1)
  A frilled lizard (D:1)
4 creatures vanquished.

Grand Total: 69 creatures vanquished

Notes
Turn   | Place    | Note
-------+----------+-------------------------------------------
     0 | D:1      | sking99 the Draconian Transmuter began the quest for the Orb.
     0 | D:1      | Reached XP level 1. HP: 16/16 MP: 3/3
   157 | D:1      | Reached XP level 2. HP: 20/23 MP: 3/5
   161 | D:1      | Learned a level 2 spell: Sticks to Snakes
   350 | D:1      | Reached skill level 4 in Unarmed Combat
   356 | D:1      | Reached XP level 3. HP: 20/28 MP: 6/6
  1043 | D:2      | Found a bloodstained altar of Trog.
  1122 | D:2      | Found a hide-covered altar of Uskayaw.
  1155 | D:2      | Found a shimmering altar of Xom.
  1190 | D:2      | Found a glowing golden altar of the Shining One.
  1794 | D:3      | Reached XP level 4. HP: 33/35 MP: 7/7
  1803 | D:3      | Reached skill level 5 in Unarmed Combat
  1853 | D:3      | Found a faded altar of an unknown god.
  1953 | D:3      | Found a runed door.
  2025 | D:3      | Noticed Grinder
  2064 | D:3      | Killed Grinder
  2064 | D:3      | Reached skill level 6 in Unarmed Combat
  2064 | D:3      | Reached XP level 5. HP: 4/40 MP: 2/8
  2584 | D:3      | Found a bloodstained altar of Trog.
  2953 | D:3      | Noticed Crazy Yiuf
  2971 | D:3      | Killed Crazy Yiuf
  2971 | D:3      | Reached XP level 6. HP: 11/47 MP: 0/9
  3355 | D:4      | Found a white marble altar of Elyvilon.
  3360 | D:4      | Became a worshipper of Elyvilon the Healer
  3420 | D:3      | You fall through a shaft for 2 floors!
  3420 | D:5      | Entered Level 5 of the Dungeon
  3420 | D:5      | Found Fuentuopn's Gadget Boutique.
  3427 | D:5      | Noticed snakesoul's ghost (novice DsFi)
  3481 | D:5      | Slain by snakesoul's ghost

Skill      XL: |  1  2  3  4 |
---------------+-------------+-----
Unarmed Combat | 4 6 |  6.6
Fighting       | |  1.1
Dodging        | |  1.7
Spellcasting   | |  2.1
Transmutations | |  2.3

Action                   |  1- 3 |  4- 6 || total
-------------------------+-------+-------++-------
Melee: Unarmed           |   148 |    74 ||   222
       Headbutt          |     3 |     3 ||     6
       Kick              |     3 |     2 ||     5
       Tailslap          |    16 |     4 ||    20
       Punch             |     4 |     1 ||     5
 Cast: Beastly Appendage |     7 |     3 ||    10
       Sticks to Snakes  |     2 |    13 ||    15
  Use: Scroll            |       |     2 ||     2
       Potion            |       |     1 ||     1
 Stab: Sleeping          |       |     1 ||     1
       Distracted        |       |     1 ||     1
  Eat: Chunk             |     3 |     5 ||     8
       Ration            |       |     1 ||     1
Armor: Skin              |    37 |    27 ||    64
Dodge: Dodged            |    81 |    37 ||   118
